 Dungeon Crawl Stone Soup version 0.19-a0-664-g51fd293 (webtiles) character file.

8636 LORDOFBUTT the Blocker (level 11, -5/94 HPs)
             Began as a Minotaur Fighter on June 16, 2016.
             Was an Initiate of Gozag.
             Slain by a troll (14 damage)
             ... on level 11 of the Dungeon.
             The game lasted 00:16:39 (7854 turns).

LORDOFBUTT the Blocker (Minotaur Fighter)           Turns: 7854, Time: 00:16:39

Health: -5/94      AC: 16    Str: 22    XL:     11   Next: 12%
Magic:  14/14      EV: 10    Int:  5    God:    Gozag
Gold:   252        SH: 15    Dex: 12    Spells: 0 memorised, 10 levels left

rFire  . . .     SeeInvis +     a - +0 war axe
rCold  + . .     Gourm    .     Q - +3 chain mail
rNeg   + . .     Faith    .     c - +0 shield
rPois  .         Spirit   .     (helmet restricted)
rElec  .         Dismiss  .     h - +0 cloak
rCorr  .         Reflect  +     G - +0 pair of gloves
SustAt .         Harm     .     (no boots)
MR     .....                    S - amulet "Wownio" {Reflect +Inv rN+ SH+3 SInv}
Stlth  ..........               (no ring)
                                n - ring of protection from cold

@: gold aura, not resistant to hostile enchantments, extremely unstealthy
A: retaliatory headbutt, horns 2
a: Potion Petition, Call Merchant, Bribe Branch, Renounce Religion, Evoke
Invisibility


You were on level 11 of the Dungeon.
You worshipped Gozag.
Gozag was noncommittal.
You were full.

You visited 1 branch of the dungeon, and saw 11 of its levels.

You collected 1958 gold pieces.
You spent 474 gold pieces at shops.
You paid 1232 gold pieces to Gozag.

Inventory:

Hand Weapons
 a - a +0 war axe (weapon)
Armour
 b - a +0 scale mail
 c - a +0 shield (worn)
 h - a +0 cloak (worn)
 G - a +0 pair of gloves (worn)
 Q - a +3 chain mail (worn)
Jewellery
 n - a ring of protection from cold (left hand)
 u - an uncursed ring of ice
 A - an uncursed ring of sustain attributes
 S - the amulet "Wownio" (around neck) {Reflect +Inv rN+ SH+3 SInv}
   (You bought it in a shop on level 9 of the Dungeon)

   [amulet of reflection]

   It shields you and reflects attacks.
   It protects you from negative energy.
   It lets you see invisible.
   It lets you turn invisible.
   It affects your SH (+3).
Wands
 v - a wand of disintegration (9/24)
 w - a wand of polymorph (11/24)
 x - a wand of digging (11/24)
 B - a wand of teleportation (4/9)
 M - a wand of iceblast (3/15)
Scrolls
 d - a scroll of amnesia {unknown}
 g - 2 scrolls of random uselessness {unknown}
 i - 4 scrolls of remove curse {unknown}
 l - a scroll of fear
 m - 2 scrolls of recharging {unknown}
 y - 6 scrolls of teleportation {unknown}
 z - a scroll of enchant armour {unknown}
 H - 4 scrolls of noise {unknown}
 I - a scroll of fog {unknown}
 R - a scroll of blinking {unknown}
 T - a scroll of enchant weapon {unknown}
Potions
 e - a potion of curing
 k - a potion of flight {unknown}
 p - a potion of heal wounds
 q - 2 potions of mutation
 r - 4 potions of brilliance
 s - a potion of ambrosia {unknown}
 t - 2 potions of degeneration
 D - a potion of magic {unknown}
 E - a potion of beneficial mutation {unknown}
 F - 2 potions of cure mutation
 J - 2 potions of resistance {unknown}
 P - a potion of agility {unknown}
Books
 C - a book of Debilitation

   Spells                             Type                      Level
   a - Corona                         Hexes                        1
   b - Slow                           Hexes                        2
   c - Gell's Gravitas                Hexes/Translocation          3
   d - Inner Flame                    Hexes/Fire                   3
   e - Cause Fear                     Hexes                        4
   f - Leda's Liquefaction            Hexes/Earth                  4
Comestibles
 f - 7 bread rations
 K - 5 fruits
 L - 7 royal jellies
 O - a beef jerky


   Skills:
 + Level 8.2 Fighting
 + Level 9.3 Axes
 + Level 8.5 Armour
 + Level 6.8 Dodging
 + Level 1.8 Stealth
 + Level 10.5 Shields
 * Level 6.6 Evocations


You had 10 spell levels left.
You didn't know any spells.

Dungeon Overview and Level Annotations

Branches:
Dungeon (11/15)            Temple (0/1) D:7
   Lair: D:8-11         Orc: D:9-12

Altars:
Ashenzari
Gozag
Makhleb
Ru
Vehumet

Shops:
D:8 (   D:9 =[


Innate Abilities, Weirdness & Mutations

You reflexively headbutt those who attack you in melee.
You have a pair of horns on your head.


Message History

You kill the yak!
Your shield and chain mail prevent you from hitting the troll.
The troll is lightly wounded.
You closely miss the big kobold. You hit the orc priest.
The orc priest is almost dead.
The troll bites you but does no damage. The troll claws you but does no damage.
The troll claws you!
* * * LOW HITPOINT WARNING * * *
You block the orc priest's attack. The big kobold barely misses you.
You hit the orc priest.
You kill the orc priest!
You slash the big kobold!
The big kobold is moderately wounded.
You closely miss the troll.
The troll is lightly wounded.
You block the troll's attack. The troll closely misses you.
The troll claws you but does no damage. You block the big kobold's attack.
The troll bites you!
You die...
Your body crumbles into a pile of gold.

# .
#.#++####...
#..$@K......
#...$T......
#...........
#...........
#...........
#......#####
#......#
.......#
#.......#


You could see a troll and a big kobold.

Vanquished Creatures
  A hill giant (D:10)
  An ugly thing (D:9)
  A gargoyle (D:10)
  A centaur skeleton (D:10)
  A troll (D:9)
  Sigmund (D:4)
  7 yaks
  3 hippogriffs (D:9)
  A hungry ghost (D:8)
  A water moccasin (D:7)
  2 sky beasts (D:9)
  7 orc warriors
  An eye of draining (D:10)
  A necrophage (D:8)
  4 ice beasts
  7 ogres
  3 phantoms (D:5)
  2 wolves (D:9)
  3 centaurs
  A crocodile (D:10)
  A big kobold (D:10)
  A giant frog (D:7)
  3 scorpions
  16 killer bees
  3 wights (D:6)
  A howler monkey (D:9)
  An electric eel (D:9)
  4 crimson imps
  2 jellies
  A giant frog zombie (D:6)
  2 giant frog skeletons
  5 orc priests
  7 hounds
  2 iguanas
  Crazy Yiuf (D:7)
  Ijyb (D:2)
  6 orc wizards
  6 worker ants
  A centaur simulacrum (D:9)
  A giant frog simulacrum (D:9)
  A howler monkey zombie (D:5)
  10 adders
  A river rat (D:10)
  2 shadow imps
  2 white imps (D:9)
  An adder zombie (D:9)
  An adder skeleton (D:5)
  3 worms
  A dart slug (D:2)
  5 giant geckos
  32 orcs
  7 bats
  2 giant cockroaches
  6 goblins
  7 hobgoblins
  16 jackals
  4 quokkas
  3 ball pythons
  A giant cockroach zombie (D:6)
  A giant gecko skeleton (D:4)
  8 giant newts
  A jackal skeleton (D:6)
  7 kobolds
  11 rats
247 creatures vanquished.

Vanquished Creatures (others)
  17 fungi (D:10)
  14 plants (D:10)
31 creatures vanquished.

Grand Total: 278 creatures vanquished

Notes
Turn   | Place    | Note
--------------------------------------------------------------
     0 | D:1      | LORDOFBUTT the Minotaur Fighter began the quest for the Orb.
     0 | D:1      | Reached XP level 1. HP: 19/19 MP: 0/0
   219 | D:1      | Reached XP level 2. HP: 27/27 MP: 1/1
   675 | D:2      | Reached XP level 3. HP: 33/33 MP: 2/2
   792 | D:2      | Found an opulent altar of Gozag.
   866 | D:2      | Noticed Ijyb
   875 | D:2      | Killed Ijyb
   875 | D:2      | Reached skill level 4 in Shields
   875 | D:2      | Reached XP level 4. HP: 39/40 MP: 3/3
  1031 | D:2      | Became a worshipper of Gozag Ym Sagoz the Greedy
  1588 | D:3      | Reached skill level 1 in Dodging
  1939 | D:3      | Reached XP level 5. HP: 40/47 MP: 4/4
  2002 | D:4      | Reached skill level 5 in Armour
  2088 | D:4      | Found a sacrificial altar of Ru.
  2088 | D:4      | Found a radiant altar of Vehumet.
  2089 | D:4      | Found a shattered altar of Ashenzari.
  2099 | D:4      | Found a burning altar of Makhleb.
  2103 | D:4      | Reached skill level 1 in Evocations
  2224 | D:4      | Noticed Sigmund
  2234 | D:4      | Killed Sigmund
  2234 | D:4      | Reached skill level 5 in Shields
  2234 | D:4      | Reached XP level 6. HP: 20/55 MP: 4/6
  2309 | D:4      | Reached skill level 5 in Fighting
  2733 | D:5      | Entered Level 5 of the Dungeon
  2767 | D:5      | Reached XP level 7. HP: 47/61 MP: 7/7
  3095 | D:5      | Reached skill level 5 in Axes
  3095 | D:5      | Reached skill level 6 in Shields
  3095 | D:5      | Reached XP level 8. HP: 30/69 MP: 9/9
  3176 | D:5      | You fall through a shaft!
  3937 | D:7      | Reached skill level 7 in Shields
  3950 | D:7      | Found a staircase to the Ecumenical Temple.
  4153 | D:7      | Noticed Crazy Yiuf
  4159 | D:7      | Killed Crazy Yiuf
  4251 | D:8      | Reached skill level 1 in Stealth
  4413 | D:8      | Reached XP level 9. HP: 75/75 MP: 11/11
  4496 | D:8      | Reached skill level 5 in Dodging
  4499 | D:8      | Noticed a queen bee
  4714 | D:8      | Reached skill level 8 in Shields
  5135 | D:8      | Reached skill level 5 in Evocations
  5154 | D:9      | Found Usexo's Antique Armour Shop.
  5581 | D:9      | Noticed a troll
  5589 | D:9      | Reached XP level 10. HP: 43/84 MP: 13/13
  5929 | D:9      | Reached skill level 9 in Shields
  5997 | D:9      | Noticed a green ugly thing
  6035 | D:9      | Killed a green ugly thing
  6705 | D:10     | Entered Level 10 of the Dungeon
  7032 | D:10     | Noticed a hill giant
  7033 | D:10     | Noticed a gargoyle
  7085 | D:9      | Bought the amulet "Wownio" {Reflect +Inv rN+ SH+3 SInv} for 474 gold pieces
  7351 | D:10     | Killed a gargoyle
  7352 | D:10     | Killed a hill giant
  7352 | D:10     | Reached skill level 10 in Shields
  7630 | D:10     | Reached XP level 11. HP: 26/94 MP: 14/14
  7854 | D:11     | Slain by a troll

Vault maps used:
D:1:      scummos_arrival_star, minivault_27, dk_noncrumbling_3
D:2:      grunt_gozag_breadcrumbs, uniq_iyjb
D:3:      kennysheep_boxes
D:4:      nicolae_overflow_quartered_altars, uniq_sigmund
D:5:      first_bread
D:7:      minmay_temple_entry_nine_rooms, grunt_tough_drop,
          uniq_crazy_yiuf_cottage
D:8:      david_nohive_1
D:9:      serial_shops, shop_coins, serial_ice, serial_ice_d, serial_ice_e,
          serial_ice_g, serial_ice_a, serial_ice_l, serial_ice_m, serial_ice_n
D:10:     grunt_lair_entry_orc_guard_hut, hiddenorc1_lemuel,
          kennysheep_generic_room_9

Skill      XL: |  1  2  3  4  5  6  7  8  9 10 |
---------------+-------------------------------+-----
Armour         | 4 5 6 7 8 |  8.5
Fighting       | 4 5 6 8 |  8.2
Axes           | 3 4 5 6 7 9 |  9.3
Shields        | 4 5 6 7 8 10 | 10.5
Dodging        | 1 2 3 4 5 6 |  6.8
Evocations     | 1 2 3 4 5 6 |  6.6
Stealth        | 1 |  1.8

Action                   |  1- 3 |  4- 6 |  7- 9 | 10-12 || total
-------------------------+-------+-------+-------+-------++-------
Melee: War axe           |    66 |   158 |   342 |   186 ||   752
       Headbutt          |    10 |    23 |    71 |    48 ||   152
Invok: Call Merchant     |       |       |     1 |     1 ||     2
       Potion Petition   |       |       |     1 |       ||     1
Evoke: Wand              |       |       |       |     3 ||     3
  Use: Potion            |       |       |     5 |     4 ||     9
       Scroll            |       |       |     1 |     6 ||     7
 Stab: Distracted        |       |       |     3 |     1 ||     4
  Eat: Bread ration      |       |     1 |       |       ||     1
       Pizza             |       |     1 |     1 |       ||     2
       Fruit             |       |       |     5 |       ||     5
       Beef jerky        |       |       |     1 |       ||     1
       Meat ration       |       |       |     1 |     2 ||     3
Armor: Scale mail        |    30 |    51 |   108 |    38 ||   227
       Chain mail        |       |       |       |    55 ||    55
Dodge: Dodged            |    23 |    42 |   126 |   108 ||   299
Block: Shield            |    36 |    88 |   220 |   206 ||   550
       Reflection        |       |       |       |     2 ||     2
